 Dungeon Crawl Stone Soup version 0.20-a0-217-g17e8ceb (webtiles) character file.

46 Lochraine the Vexing (level 3, 0/24 HPs)
             Began as a Vampire Enchanter on Nov 28, 2016.
             Slain by a gnoll
             ... wielding a +0 whip
              (8 damage)
             ... on level 2 of the Dungeon.
             The game lasted 00:04:48 (1952 turns).

Lochraine the Vexing (Vampire Enchanter)            Turns: 1952, Time: 00:04:49

Health: 0/24       AC:  3    Str:  8    XL:     3   Next: 46%
Magic:  0/6        EV: 13    Int: 17    God:
Gold:   78         SH:  0    Dex: 14    Spells: 4/7 levels left

rFire  . . .     SeeInvis +     a - +1 dagger
rCold  . . .     Gourm    .     b - +1 robe
rNeg   + . .     Faith    .     (no shield)
rPois  .         Spirit   .     (no helmet)
rElec  .         Reflect  .     (no cloak)
rCorr  .         Harm     .     (no gloves)
MR     .....                    (no boots)
Stlth  +++.......               (no amulet)
                                (no ring)
                                (no ring)

@: no status effects
A: fangs 3, see invisible, unbreathing
a: Bat Form


You were on level 2 of the Dungeon.
You were not thirsty.

You visited 1 branch of the dungeon, and saw 2 of its levels.

You collected 78 gold pieces.

Inventory:

Hand Weapons
 a - a +1 dagger (weapon)
Missiles
 f - 3 curare-tipped needles
 o - 9 poisoned needles
Armour
 b - a +1 robe (worn)
 n - a cursed +0 ring mail
 r - a +0 buckler
Scrolls
 h - 3 scrolls of teleportation {unknown}
 l - a scroll of blinking {unknown}
 p - a scroll of identify {unknown}
 q - 2 scrolls of immolation {unknown}
Potions
 d - 6 potions of blood
 e - 2 potions of brilliance
 g - a potion of magic {unknown}
 i - a potion of agility
 j - a potion of heal wounds {unknown}
 k - 2 potions of ambrosia {unknown}
 m - a potion of resistance {unknown}
Books
 c - a book of Maledictions

   Spells                             Type                      Level
   a - Corona                         Hexes                        1
   b - Ensorcelled Hibernation        Hexes/Ice                    2
   c - Confuse                        Hexes                        3
   d - Tukima's Dance                 Hexes                        3
   e - Dazzling Spray                 Conjuration/Hexes            3


   Skills:
 * Level 2.3 Short Blades
 - Level 2.3 Dodging
 - Level 4.6 Stealth
 + Level 0.1 Shields
 + Level 2.5 Spellcasting
 + Level 4.9 Hexes


You had 4 spell levels left.
You knew the following spells:

 Your Spells              Type           Power        Failure   Level  Hunger
a - Corona                Hex            ###....      2%          1    #......
b - Ensorcelled Hibernat  Hex/Ice        ##....       12%         2    ##.....


Dungeon Overview and Level Annotations

Branches:
Dungeon (2/15)

Altars:


Innate Abilities, Weirdness & Mutations

You have razor-sharp teeth.
You have supernaturally acute eyesight. (SInv)
You can survive without breathing.


Message History

Casting: Ensorcelled Hibernation
Confirm with . or Enter, or press ? or * to list all spells.
Aiming: Ensorcelled Hibernation
Press: ? - help, Shift-Dir - straight line, f - you, p - gnoll That would be overly suicidal.
Okay, then.
Casting: Ensorcelled Hibernation
Confirm with . or Enter, or press ? or * to list all spells.
Aiming: Ensorcelled Hibernation
Press: ? - help, Shift-Dir - straight line, f - gnoll
Aim: a gnoll, wielding a whip (severely wounded, not susceptible)
The gnoll is unaffected.
Casting: Ensorcelled Hibernation
Confirm with . or Enter, or press ? or * to list all spells.
Aiming: Ensorcelled Hibernation
Press: ? - help, Shift-Dir - straight line, f/p - gnoll
Aim: a gnoll, wielding a whip (heavily wounded, chance to defeat MR: 50%)
The gnoll resists with some effort.
The gnoll misses you. The gnoll hits you with a whip!
You die...

################# #.#
...#.....>......# #.#
...#............##############.##
>..+.............................
...#............##############...
................# #########...###
+##..........%..# #...........+..
.##.###############.#######...###
...............g@.........'...+..
###.#####.#################...#..
#.#####....# #####.# #..........#
#.# #######....# #.# #....# #..
#....# ### #....# .% #....# ###


You could see a gnoll.

Vanquished Creatures
  An adder (D:2)
  An ooze (D:1)
  A dart slug (D:1)
  2 leopard geckos (D:1)
  3 hobgoblins (D:1)
  7 bats
  2 frilled lizards (D:1)
  3 goblins (D:1)
  6 kobolds
  5 rats (D:1)
31 creatures vanquished.

Notes
Turn   | Place    | Note
-------+----------+-------------------------------------------
     0 | D:1      | Lochraine the Vampire Enchanter began the quest for the Orb.
     0 | D:1      | Reached XP level 1. HP: 13/13 MP: 3/3
   414 | D:1      | Reached XP level 2. HP: 19/19 MP: 3/5
   418 | D:1      | Learned a level 2 spell: Ensorcelled Hibernation
  1277 | D:1      | Reached XP level 3. HP: 22/24 MP: 6/6
  1952 | D:2      | Slain by a gnoll

Vault maps used:
D:1:      sevenhm_arrival_forest_fort_small_5, serial_forest,
          infiniplex_forest_lined_room_2, infiniplex_forest_lined_3,
          infiniplex_forest_corner_2, infiniplex_forest_pool,
          infiniplex_forest_clump_long, infiniplex_forest_split,
          infiniplex_forest_straight_2, infiniplex_forest_corner_1,
          infiniplex_forest_clump_long, infiniplex_forest_end_2,
          interstate_on_off
D:2:      uniq_natasha

Skill      XL: |  1  2 |
---------------+-------+-----
Short Blades   | 2 |  2.3
Dodging        | |  2.3
Stealth        | |  4.6
Shields        | |  0.1
Spellcasting   | |  2.5
Hexes          | |  4.9

Action                   || total
-------------------------++-------
Melee: Dagger            ||   122
       Bite              ||    11
 Cast: Corona            ||     5
       Ensorcelled Hiber ||    16
  Use: Potion            ||    10
 Stab: Sleeping          ||    15
Armor: Robe              ||    38
Dodge: Dodged            ||   116
